 Dungeon Crawl Stone Soup version 0.23-b1-3-gdda8187c6f (webtiles) character file.

Game seed: 13373254894563340

70324 LostNumber the Thaumaturge (level 15, -16/117 HPs)
             Began as a Gnoll Skald on Jan 31, 2019.
             Was a High Priest of Okawaru.
             Killed from afar by a wizard (37 damage)
             ... with a crystal spear
             ... on level 14 of the Dungeon.
             The game lasted 00:56:55 (26600 turns).

LostNumber the Thaumaturge (Gnoll Skald)           Turns: 26600, Time: 00:56:56

Health: -16/117    AC: 16    Str: 22    XL:     15   Next: 32%
Magic:  10/29      EV: 17    Int: 16    God:    Okawaru [*****.]
Gold:   124        SH: 17    Dex: 14    Spells: 4/35 levels left

rFire    + . .     SeeInvis .   G - +3 spear (venom)
rCold    . . .     Gourm    .   W - +2 shield {AC+3}
rNeg     + . .     Faith    .   T - +4 ring mail {rF+}
rPois    .         Spirit   .   u - +1 helmet
rElec    .         Reflect  +   (no cloak)
rCorr    .         Harm     .   (no gloves)
MR       +....                  (no boots)
Stlth    ++++......             B - +3 amulet of reflection
HPRegen  0.29/turn              p - +2 ring of strength
MPRegen  0.21/turn              h - ring of positive energy

@: very slightly contaminated, slowed, very slow
A: distributed training, fangs 1, strong nose
a: Heroism, Finesse, Renounce Religion


You were on level 14 of the Dungeon.
You worshipped Okawaru.
Okawaru was extremely pleased with you.
You were very hungry.

You visited 3 branches of the dungeon, and saw 21 of its levels.

You collected 1413 gold pieces.
You spent 1289 gold pieces at shops.

Inventory:

Hand Weapons
 a - a +1 broad axe of draining
 b - a +4 vampiric battleaxe
 C - a +0 broad axe
 G - a +3 spear of venom (weapon)
 Y - a +1 shortbow of flaming
Armour
 u - a +1 helmet (worn)
 E - a +1 scale mail of magic resistance
 K - the +3 hat of Pondering {ponderous, MR+ MP+10 Int+5}
   (You took it off Gastronok on level 8 of the Dungeon)

   It affects your intelligence (+5).
   It affects your resistance to hostile enchantments.
   It affects your magic capacity (+10).
 T - a +4 ring mail of fire resistance (worn)
 W - a +2 shield of protection (worn)
Jewellery
 g - an uncursed ring of poison resistance {unknown}
 h - a ring of positive energy (right hand)
 p - a +2 ring of strength (left hand)
 z - an uncursed ring of fire
 B - a +3 amulet of reflection (around neck)
 L - an uncursed ring of ice
Wands
 s - a wand of random effects (17)
 v - a wand of iceblast (36)
 A - a wand of clouds (3)
 I - a wand of flame (22)
 N - a wand of polymorph (14)
 R - a wand of enslavement (16)
 S - a wand of acid (1)
 V - a wand of disintegration (25)
Scrolls
 c - 4 scrolls of immolation
 f - 12 scrolls of remove curse
 j - 6 scrolls of fog
 l - a scroll of acquirement {unknown}
 n - 8 scrolls of fear
 r - 7 scrolls of teleportation
 t - 2 scrolls of magic mapping
 w - 5 scrolls of amnesia
 y - 3 scrolls of enchant armour
 H - 5 scrolls of enchant weapon
 O - 4 scrolls of blinking
 Q - a scroll of silence
Potions
 e - 2 potions of heal wounds
 i - a potion of ambrosia {unknown}
 k - 2 potions of berserk rage
 m - 6 potions of curing
 o - 4 potions of resistance
 x - a potion of haste
 F - a potion of cancellation
 J - 2 potions of mutation
 M - a potion of brilliance
 P - a potion of invisibility
 U - a potion of agility {unknown}
Comestibles
 d - 30 rations
 q - 5 chunks of flesh


   Skills:
 + Level 10.8 Fighting
 + Level 9.8 Short Blades
 + Level 9.8 Long Blades
 + Level 9.8 Axes
 + Level 9.8 Maces & Flails
 + Level 10.8 Polearms
 + Level 9.8 Staves
 + Level 9.8 Slings
 + Level 9.8 Bows
 + Level 9.8 Crossbows
 + Level 9.8 Throwing
 + Level 10.1 Armour
 + Level 10.8 Dodging
 + Level 9.8 Stealth
 + Level 9.8 Shields
 + Level 9.8 Unarmed Combat
 + Level 10.9 Spellcasting
 + Level 8.2 Conjurations
 + Level 8.2 Hexes
 + Level 9.9 Charms
 + Level 8.2 Summonings
 + Level 8.2 Necromancy
 + Level 8.2 Translocations
 + Level 8.2 Transmutations
 + Level 8.2 Fire Magic
 + Level 8.2 Ice Magic
 + Level 8.2 Air Magic
 + Level 8.2 Earth Magic
 + Level 8.2 Poison Magic
 + Level 10.6 Invocations
 + Level 9.8 Evocations


You had 4 spell levels left.
You knew the following spells:

 Your Spells              Type           Power        Failure   Level  Hunger
a - Infusion              Chrm           ####         1%          1    None
b - Shroud of Golubria    Chrm/Tloc      #####.....   1%          2    None
c - Regeneration          Chrm/Necr      #####.....   1%          3    None
d - Spectral Weapon       Hex/Chrm       #####...     1%          3    None
e - Confusing Touch       Hex            #####.       1%          1    None
f - Conjure Flame         Conj/Fire      #####...     2%          3    None
g - Fireball              Conj/Fire      #####.....   22%         5    #####..
h - Summon Ice Beast      Ice/Summ       #####...     8%          4    ###....
i - Animate Dead          Necr           N/A          8%          4    ###....
j - Borgnjor's Vile Clut  Necr/Erth      #####.....   22%         5    #####..

Your spell library contained the following spells:

 Spells                   Type           Power        Failure   Level  Hunger
 Animate Skeleton         Necr           N/A          1%          1    None
 Flame Tongue             Conj/Fire      #####        1%          1    None
 Freeze                   Ice            ####         1%          1    None
 Magic Dart               Conj           ####         1%          1    None
 Pain                     Necr           ####         1%          1    None
 Blink                    Tloc           N/A          1%          2    None
 Call Imp                 Summ           #####...     1%          2    None
 Slow                     Hex            #####...     1%          2    None
 Song of Slaying          Chrm           #####...     1%          2    None
 Throw Flame              Conj/Fire      #####.       1%          2    None
 Throw Frost              Conj/Ice       #####.       1%          2    None
 Ozocubu's Armour         Chrm/Ice       #####...     1%          3    None
 Confuse                  Hex            #####...     2%          3    None
 Gell's Gravitas          Tloc           #####.....   2%          3    None
 Inner Flame              Hex/Fire       #####...     2%          3    None
 Mephitic Cloud           Conj/Pois/Air  #####...     2%          3    None
 Portal Projectile        Hex/Tloc       #####.       2%          3    None
 Recall                   Summ/Tloc      N/A          2%          3    None
 Vampiric Draining        Necr           #####.....   2%          3    None
 Force Lance              Conj/Tloc      #####...     8%          4    ###....
 Petrify                  Tmut/Erth      #####...     8%          4    ###....
 Sticky Flame             Conj/Fire      #####...     8%          4    ###....
 Throw Icicle             Conj/Ice       #####...     8%          4    ###....
 Metabolic Englaciation   Hex/Ice        #####.....   22%         5    #####..
 Yara's Violent Unravell  Hex/Tmut       #####.....   22%         5    #####..
 Death Channel            Necr           #####.....   77%         6    ######.
 Dispersal                Tloc           #####.....   77%         6    ######.
 Simulacrum               Ice/Necr       #####.....   77%         6    ######.
 Controlled Blink         Tloc           N/A          100%        8    #######
 Disjunction              Tloc           #####.....   100%        8    #######


Dungeon Overview and Level Annotations

Branches:
Dungeon (14/15)            Temple (1/1) D:7            Lair (6/6) D:10
  Swamp (0/4) Lair:2       Spider (0/4) Lair:3        Slime (0/5) Lair:6
    Orc (0/2) D:12
 Vaults: D:13-14

Altars:
Cheibriados
Elyvilon
Fedhas
Gozag
Hepliaklqana
Kikubaaqudgha
Makhleb
Okawaru
Qazlal
Sif Muna
Trog
Uskayaw
Wu Jian
Xom
Yredelemnul
Zin
The Shining One

Shops:
D:11 (:   D:13 *=

Annotations:
D:1 1 runed translucent door, exclusion: 4 doors
D:7 3 runed translucent doors, Tali's ghost, novice DsBe; drunkzilla's ghost, novice VSNe
D:12 exclusion: ice statue
Lair:2 exclusion: ice statue


Innate Abilities, Weirdness & Mutations

Your experience applies equally to all skills.
You have very sharp teeth.
Your uncanny sense of smell can sniff out nearby items.


Message History

Nessos looks as sick as possible!
You block the wizard's attack. The human hits you but does no damage.
The wizard hits you but does no damage.
Nessos shoots an arrow.
The arrow hits your spectral weapon!
Your spectral weapon shares its damage with you!
The arrow burns your spectral weapon.
Your spectral weapon shares its damage with you!
* * * LOW HITPOINT WARNING * * *
Unknown command.
Evoke which item? (* to show all) (? for menu, Esc to quit)
Aiming: Cloud Cone
Press: ? - help, Dir - move target cursor, f - Nessos
Aim: Nessos, wielding a +3 longbow of flaming, wearing a +0 centaur barding and carrying a wand of paralysis (2) (almost dead, fast, poisoned, constricted by zombie hands) Really cloud near your spectral weapon?
You create a blast of poison gas!
The zombie hands constrict Nessos!
You hear a shout!
Nessos dies!
The wizard says, "Dogrw nutew berg."
The wizard casts a spell at you. The crystal spear hits you!!!
You die...

#......# p.p.# #........ #...
..##p'p## #........
$##..##.#p.c..# #.....[..
........'..!..# #........
........'..⌠..# #.#..).(.
....#..p'.p...#∆ ∆∆#........
........#...$.#∆∆ ∆∆#..#.....
........#############..#....<
.........ppp@§§§.......#.....
.>.......pp#p§§§§§.....#.....
.......#####(#§§#............
##..#.. ####§#....#.......
#...#.. #####..##...<#. ###
... ##........## #.##
#....#...### ## #.........#
##..#.....#


You could see a wizard, 5 humans and a friendly spectral +3 spear of venom.

Vanquished Creatures
  Rupert (D:12)
  Frances (D:13)
  Gastronok (D:8)
  Harold (Lair:2)
  An ogre mage (D:14)
  3 catoblepae (Lair:6)
  7 hydras
  3 centaur warriors
  7 two-headed ogres
  7 death yaks (Lair:6)
  6 slime creatures (D:12)
  A lindwurm (Lair:6)
  A wolf spider (Lair:3)
  6 ugly things
  3 black mambas
  2 manticores (Lair:6)
  A guardian serpent (shapeshifter) (D:13)
  3 elephants (Lair:5)
  5 spiny frogs
  Psyche (D:12)
  A gargoyle (D:11)
  9 rime drakes
  8 komodo dragons
  3 jumping spiders (Lair:3)
  4 polar bears
  3 trolls
  A hornet (shapeshifter) (D:13)
  16 hippogriffs
  10 blink frogs
  2 bog bodies (Lair:2)
  A spriggan (D:7)
  A wraith (D:13)
  3 wyverns
  41 yaks
  2 basilisks
  5 hogs
  A hungry ghost (D:7)
  7 steam dragons (Lair:6)
  4 humans (D:14)
  3 vampire mosquitoes (D:12)
  2 swamp worms (Lair:2)
  3 acid dragons
  2 soldier ants (D:13)
  13 water moccasins
  8 porcupines
  11 ice beasts
  2 sky beasts
  2 phantoms
  2 orc warriors
  A necrophage (D:6)
  7 ogres
  18 wolves
  5 boggarts (D:14)
  A centaur (D:9)
  10 crocodiles
  5 big kobolds
  2 gnoll sergeants
  7 bullfrogs
  4 scorpions
  16 wights
  4 electric eels
  7 crimson imps
  A centaur zombie (D:7)
  A bullfrog zombie (D:6)
  A quasit (D:11)
  2 jellies
  7 hounds
  6 orc priests
  19 orc wizards
  6 centaur skeletons
  4 iguanas
  9 worker ants
  A hound zombie (D:4)
  A hound skeleton (D:7)
  3 worker ant zombies
  Robin (D:4)
  9 gnolls
  A howler monkey skeleton (D:4)
  10 adders
  6 shadow imps
  A white imp (Lair:2)
  5 worms
  3 adder skeletons
  An adder zombie (D:7)
  2 dart slugs
  6 leopard geckos
  33 orcs
  5 giant cockroaches
  14 goblins
  10 hobgoblins
  10 jackals
  2 quokkas
  A ball python (D:2)
  8 bats
  4 frilled lizards
  2 jackal zombies
  23 kobolds
  2 quokka skeletons
  A quokka zombie (D:5)
  4 rats
543 creatures vanquished.

Vanquished Creatures (collateral kills)
  Kirke (D:14)
  2 two-headed ogres (D:14)
  A torpor snail (Lair:6)
  A black mamba (Lair:6)
  2 yaks (Lair:6)
  A steam dragon (Lair:6)
  A water moccasin (Lair:5)
  An ogre (D:12)
  A wolf (Lair:5)
11 creatures vanquished.

Vanquished Creatures (others)
  Nessos (D:14)
  3 fungi
  6 plants
  30 spectral weapons
  3 withered plants (D:7)
43 creatures vanquished.

Grand Total: 597 creatures vanquished

Notes
Turn   | Place    | Note
-------+----------+-------------------------------------------
     0 | D:1      | LostNumber the Gnoll Skald began the quest for the Orb.
     0 | D:1      | Reached XP level 1. HP: 20/20 MP: 6/6
     1 | D:1      | Found a runed translucent door.
    65 | D:1      | Reached XP level 2. HP: 26/26 MP: 2/7
    69 | D:1      | Learned a level 2 spell: Shroud of Golubria
   726 | D:2      | Reached skill level 5 in Spellcasting
   726 | D:2      | Reached XP level 3. HP: 28/31 MP: 4/9
   753 | D:2      | Learned a level 3 spell: Regeneration
   757 | D:2      | Learned a level 3 spell: Spectral Weapon
   906 | D:2      | Reached skill level 1 in Invocations
  1090 | D:2      | Reached skill level 1 in Short Blades
  1090 | D:2      | Reached skill level 1 in Long Blades
  1090 | D:2      | Reached skill level 1 in Axes
  1090 | D:2      | Reached skill level 1 in Maces & Flails
  1090 | D:2      | Reached skill level 1 in Staves
  1090 | D:2      | Reached skill level 1 in Slings
  1090 | D:2      | Reached skill level 1 in Bows
  1090 | D:2      | Reached skill level 1 in Crossbows
  1090 | D:2      | Reached skill level 1 in Throwing
  1090 | D:2      | Reached skill level 1 in Stealth
  1090 | D:2      | Reached skill level 1 in Shields
  1090 | D:2      | Reached skill level 1 in Unarmed Combat
  1090 | D:2      | Reached skill level 1 in Evocations
  1256 | D:2      | Reached XP level 4. HP: 35/38 MP: 11/11
  2070 | D:3      | Reached skill level 1 in Conjurations
  2070 | D:3      | Reached skill level 1 in Hexes
  2070 | D:3      | Reached skill level 1 in Summonings
  2070 | D:3      | Reached skill level 1 in Necromancy
  2070 | D:3      | Reached skill level 1 in Translocations
  2070 | D:3      | Reached skill level 1 in Transmutations
  2070 | D:3      | Reached skill level 1 in Fire Magic
  2070 | D:3      | Reached skill level 1 in Ice Magic
  2070 | D:3      | Reached skill level 1 in Air Magic
  2070 | D:3      | Reached skill level 1 in Earth Magic
  2070 | D:3      | Reached skill level 1 in Poison Magic
  2661 | D:4      | Reached XP level 5. HP: 42/43 MP: 12/12
  2671 | D:4      | Noticed Robin
  2972 | D:4      | Killed Robin
  3049 | D:4      | Reached XP level 6. HP: 50/50 MP: 3/13
  3375 | D:4      | Reached skill level 5 in Fighting
  3375 | D:4      | Reached skill level 5 in Polearms
  3375 | D:4      | Reached skill level 5 in Dodging
  3604 | D:4      | Reached XP level 7. HP: 51/56 MP: 15/15
  3774 | D:5      | Entered Level 5 of the Dungeon
  5019 | D:6      | Found a bloodstained altar of Trog.
  5098 | D:6      | Reached XP level 8. HP: 62/63 MP: 11/16
  5471 | D:6      | Found a bloodstained altar of Trog.
  6084 | D:7      | Noticed a hippogriff
  6106 | D:7      | Killed a hippogriff
  6174 | D:7      | Found a hazy altar of Hepliaklqana.
  6201 | D:7      | Noticed a hippogriff
  6341 | D:7      | Reached XP level 9. HP: 59/69 MP: 18/18
  6661 | D:7      | Found a runed translucent gate.
  6665 | D:7      | Found a runed translucent gate.
  6666 | D:7      | Found a runed translucent gate.
  6666 | D:7      | Noticed Tali's ghost (novice DsBe)
  6667 | D:7      | Noticed drunkzilla's ghost (novice VSNe)
  6701 | D:7      | Found a staircase to the Ecumenical Temple.
  6715 | Temple   | Entered the Ecumenical Temple
  6734 | Temple   | Became a worshipper of Warmaster Okawaru
  6916 | D:7      | Reached skill level 5 in Armour
  7109 | D:8      | Noticed a two-headed ogre
  7628 | D:8      | Killed a two-headed ogre
  7628 | D:8      | Reached * piety under Okawaru
  7628 | D:8      | Reached skill level 5 in Invocations
  7628 | D:8      | Reached XP level 10. HP: 17/77 MP: 16/20
  7954 | D:8      | Noticed Gastronok
  8004 | D:8      | Killed Gastronok
  8004 | D:8      | Reached ** piety under Okawaru
  8004 | D:8      | Reached *** piety under Okawaru
  8004 | D:8      | Reached skill level 5 in Short Blades
  8004 | D:8      | Reached skill level 5 in Long Blades
  8004 | D:8      | Reached skill level 5 in Axes
  8004 | D:8      | Reached skill level 5 in Maces & Flails
  8004 | D:8      | Reached skill level 5 in Staves
  8004 | D:8      | Reached skill level 5 in Slings
  8004 | D:8      | Reached skill level 5 in Bows
  8004 | D:8      | Reached skill level 5 in Crossbows
  8004 | D:8      | Reached skill level 5 in Throwing
  8004 | D:8      | Reached skill level 5 in Stealth
  8004 | D:8      | Reached skill level 5 in Shields
  8004 | D:8      | Reached skill level 5 in Unarmed Combat
  8004 | D:8      | Reached skill level 5 in Evocations
  8274 | D:8      | Learned a level 1 spell: Confusing Touch
  8988 | D:9      | Found an opulent altar of Gozag.
  9753 | D:10     | Entered Level 10 of the Dungeon
 10088 | D:10     | Reached XP level 11. HP: 49/84 MP: 8/22
 10098 | D:10     | Reached **** piety under Okawaru
 10269 | D:10     | Found a staircase to the Lair.
 10759 | D:10     | Noticed a two-headed ogre
 10786 | D:10     | Killed a two-headed ogre
 11197 | Lair:1   | Entered Level 1 of the Lair of Beasts
 11206 | Lair:1   | Reached skill level 5 in Conjurations
 11206 | Lair:1   | Reached skill level 5 in Hexes
 11206 | Lair:1   | Reached skill level 5 in Summonings
 11206 | Lair:1   | Reached skill level 5 in Necromancy
 11206 | Lair:1   | Reached skill level 5 in Translocations
 11206 | Lair:1   | Reached skill level 5 in Transmutations
 11206 | Lair:1   | Reached skill level 5 in Fire Magic
 11206 | Lair:1   | Reached skill level 5 in Ice Magic
 11206 | Lair:1   | Reached skill level 5 in Air Magic
 11206 | Lair:1   | Reached skill level 5 in Earth Magic
 11206 | Lair:1   | Reached skill level 5 in Poison Magic
 11567 | Lair:1   | Reached ***** piety under Okawaru
 11580 | Lair:1   | Noticed a seven-headed hydra
 11940 | D:11     | Found Doexugor's Weapon Shop.
 12016 | D:11     | Noticed a centaur warrior
 12016 | D:11     | Noticed a centaur warrior
 12167 | Lair:2   | Received a gift from Okawaru
 12865 | Lair:1   | Killed a seven-headed hydra
 13029 | Lair:2   | Noticed Harold
 13050 | Lair:2   | Killed Harold
 13050 | Lair:2   | Reached XP level 12. HP: 68/93 MP: 17/24
 13395 | Lair:2   | Received a gift from Okawaru
 13838 | Lair:2   | Noticed a five-headed hydra
 13863 | Lair:2   | Killed a five-headed hydra
 14414 | Lair:2   | Found a staircase to the Swamp.
 14741 | Lair:3   | Noticed a six-headed hydra
 15181 | Lair:3   | Killed a six-headed hydra
 15227 | Lair:3   | Learned a level 3 spell: Conjure Flame
 15233 | Lair:3   | Learned a level 5 spell: Fireball
 15695 | Lair:3   | Found a hole to the Spider Nest.
 16245 | Lair:4   | Reached XP level 13. HP: 75/101 MP: 20/26
 16364 | Lair:4   | Received a gift from Okawaru
 17837 | Lair:5   | You fall through a shaft!
 17837 | Lair:6   | Entered Level 6 of the Lair of Beasts
 17919 | Lair:6   | Learned a level 4 spell: Summon Ice Beast
 17947 | Lair:5   | Reached ****** piety under Okawaru
 19833 | Lair:6   | Found a staircase to the Slime Pits.
 20206 | Lair:6   | Received a gift from Okawaru
 20725 | Lair:6   | Reached skill level 10 in Spellcasting
 21003 | Lair:6   | Reached XP level 14. HP: 109/109 MP: 28/28
 21365 | Lair:6   | Reached skill level 10 in Fighting
 21365 | Lair:6   | Reached skill level 10 in Polearms
 21365 | Lair:6   | Reached skill level 10 in Dodging
 21858 | Lair:6   | Learned a level 4 spell: Animate Dead
 22113 | D:11     | Found Suxaek's Book Shoppe.
 22121 | D:11     | Bought a book of Unlife for 1105 gold pieces
 22127 | D:11     | Learned a level 5 spell: Borgnjor's Vile Clutch
 22174 | D:11     | You fall through a shaft for 3 floors!
 22175 | D:14     | Noticed Kirke
 22455 | D:11     | Received a gift from Okawaru
 22930 | D:11     | Noticed a frost giant
 23098 | D:12     | Found a staircase to the Orcish Mines.
 23163 | D:12     | Noticed Psyche
 23164 | D:12     | Reached skill level 10 in Invocations
 23177 | D:12     | Killed Psyche
 23981 | D:12     | HP: 4/111 [ice statue/bolt of cold (14)]
 24251 | D:12     | Noticed Rupert
 24399 | D:12     | Killed Rupert
 24657 | D:13     | Found a burning altar of Makhleb.
 24822 | D:13     | Received a gift from Okawaru
 24834 | D:13     | Got an encrusted hat {god gift}
 24845 | D:13     | Identified the -4 hat of the Armadillo {Str+3 Int+2}
                  | (Okawaru gifted it to you on level 13 of the Dungeon)
 25075 | D:13     | Found Icitsuull's Jewellery Boutique.
 25250 | D:13     | Noticed Frances
 25279 | D:13     | Killed Frances
 25309 | D:13     | Reached XP level 15. HP: 60/117 MP: 15/29
 25571 | D:13     | Found Vydis's Blasphemy Boutique.
 25581 | D:13     | Bought a +1 broad axe of draining for 184 gold pieces
 25719 | D:13     | HP: 5/117 [white ugly thing (23)]
 26109 | D:14     | Reached skill level 10 in Armour
 26365 | D:14     | Killed Kirke
 26569 | D:14     | Noticed Nessos
 26587 | D:14     | Paralysed by Nessos for 7 turns
 26600 | D:14     | Killed Nessos
 26600 | D:14     | Killed from afar by a wizard

Skill      XL: |  1  2  3  4  5  6  7  8  9 10 11 12 13 14 15 |
---------------+----------------------------------------------+-----
Spellcasting   | 5 6 7 8 9 10 | 10.9
Invocations    | 1 2 3 4 5 6 7 8 9 10 | 10.6
Short Blades   | 1 2 3 4 5 6 7 8 9 |  9.8
Long Blades    | 1 2 3 4 5 6 7 8 9 |  9.8
Axes           | 1 2 3 4 5 6 7 8 9 |  9.8
Maces & Flails | 1 2 3 4 5 6 7 8 9 |  9.8
Staves         | 1 2 3 4 5 6 7 8 9 |  9.8
Slings         | 1 2 3 4 5 6 7 8 9 |  9.8
Bows           | 1 2 3 4 5 6 7 8 9 |  9.8
Crossbows      | 1 2 3 4 5 6 7 8 9 |  9.8
Throwing       | 1 2 3 4 5 6 7 8 9 |  9.8
Stealth        | 1 2 3 4 5 6 7 8 9 |  9.8
Shields        | 1 2 3 4 5 6 7 8 9 |  9.8
Unarmed Combat | 1 2 3 4 5 6 7 8 9 |  9.8
Evocations     | 1 2 3 4 5 6 7 8 9 |  9.8
Conjurations   | 1 2 3 4 5 6 7 8 |  8.2
Hexes          | 1 2 3 4 5 6 7 8 |  8.2
Summonings     | 1 2 3 4 5 6 7 8 |  8.2
Necromancy     | 1 2 3 4 5 6 7 8 |  8.2
Translocations | 1 2 3 4 5 6 7 8 |  8.2
Transmutations | 1 2 3 4 5 6 7 8 |  8.2
Fire Magic     | 1 2 3 4 5 6 7 8 |  8.2
Ice Magic      | 1 2 3 4 5 6 7 8 |  8.2
Air Magic      | 1 2 3 4 5 6 7 8 |  8.2
Earth Magic    | 1 2 3 4 5 6 7 8 |  8.2
Poison Magic   | 1 2 3 4 5 6 7 8 |  8.2
Armour         | 3 4 5 6 7 8 9 10 | 10.1
Fighting       | 5 6 7 8 9 10 | 10.8
Polearms       | 5 6 7 8 9 10 | 10.8
Dodging        | 5 6 7 8 9 10 | 10.8
Charms         | 6 7 8 9 |  9.9

Action                   |  1- 3 |  4- 6 |  7- 9 | 10-12 | 13-15 || total
-------------------------+-------+-------+-------+-------+-------++-------
Melee: Spear             |    86 |       |   116 |   812 |  1444 ||  2458
       Bite              |     8 |    40 |    60 |   111 |   209 ||   428
       Dagger            |     5 |   214 |   211 |       |       ||   430
       Trident           |       |       |    76 |       |       ||    76
 Cast: Infusion          |    10 |     2 |     9 |    21 |     9 ||    51
       Shroud of Golubri |       |     1 |     4 |    17 |    12 ||    34
       Spectral Weapon   |       |       |    15 |    51 |    75 ||   141
       Regeneration      |       |       |     2 |    16 |    16 ||    34
       Summon Ice Beast  |       |       |       |       |    24 ||    24
       Confusing Touch   |       |       |       |       |     3 ||     3
       Borgnjor's Vile C |       |       |       |       |     6 ||     6
Invok: Heroism           |       |       |       |     6 |    18 ||    24
       Finesse           |       |       |       |     2 |     8 ||    10
Evoke: Wand              |       |       |       |     3 |     6 ||     9
  Use: Scroll            |       |       |     1 |    12 |    12 ||    25
       Potion            |       |       |       |       |     1 ||     1
 Stab: Sleeping          |     2 |     2 |     4 |     6 |    16 ||    30
       Distracted        |       |       |     3 |     9 |    25 ||    37
       Confused          |       |       |       |       |     3 ||     3
       Petrifying        |       |       |       |       |     1 ||     1
  Eat: Chunk             |     1 |     8 |    15 |    30 |    31 ||    85
       Ration            |       |       |       |       |     2 ||     2
Armor: Leather armour    |    13 |     8 |       |       |       ||    21
       Ring mail         |       |    46 |    67 |    52 |   160 ||   325
       Scale mail        |       |       |     7 |    74 |       ||    81
Dodge: Dodged            |    46 |   130 |   163 |   277 |   344 ||   960
Block: Buckler           |     6 |    31 |    68 |   191 |   121 ||   417
       Reflection        |       |       |       |     1 |     6 ||     7
       Shield            |       |       |       |       |   452 ||   452
